 Dungeon Crawl Stone Soup version 0.30.1-6-gbe392663c4 (webtiles) character file.

Game seed: 8572280407989076633

174 lonewolfV2 the Chopper (level 5, 0/42 HPs)
             Began as a Demonspawn Fighter on Sept 21, 2023.
             Succumbed to Blork the orc's poison
             ... on level 4 of the Dungeon.
             The game lasted 00:03:33 (2852 turns).

lonewolfV2 the Chopper (Demonspawn Fighter)         Turns: 2852, Time: 00:03:34

Health: 0/42       AC:  7    Str: 19    XL:     5   Next: 28%
Magic:  5/5        EV: 14    Int:  9    God:
Gold:   219        SH:  4    Dex: 12    Spells: 4/4 levels left

rFire   . . .        a - +0 war axe (freeze)
rCold   . . .        c - +0 buckler
rNeg    . . .        b - +1 scale mail
rPois   .            (no helmet)
rElec   .            (no cloak)
rCorr   .            (no gloves)
SInv    .            (no boots)
Will    .....        (no amulet) Stlth
                     i - +5 ring of evasion
HPRegen 0.27/turn    (no ring)
MPRegen 0.09/turn

%: no passive effects
@: mighty, lethally poisoned (0 -> -12)
A: claws 1, hooves 1, demonic magic 1
a: no special abilities


You were on level 4 of the Dungeon.
You visited 1 branch of the dungeon, and saw 4 of its levels.

You collected 219 gold pieces.

Inventory:

Hand Weapons
 a - a +0 war axe of freezing (weapon)
Armour
 b - a +1 scale mail (worn)
 c - a +0 buckler (worn)
Jewellery
 i - a +5 ring of evasion (left claw)
Wands
 n - a wand of flame (24)
 p - a wand of mindburst (12)
Scrolls
 e - a scroll of teleportation
 g - a scroll of vulnerability
 m - a scroll of magic mapping {unknown}
 o - a scroll of amnesia
 q - a scroll of fear {unknown}
Potions
 h - 2 potions of degeneration
 j - a potion of invisibility
 k - a potion of brilliance
 l - 2 potions of haste


   Skills:
 + Level 3.7 Fighting
 + Level 3.8 Axes
 + Level 3.4 Armour
 + Level 0.1 Dodging
 + Level 0.2 Stealth
 + Level 2.9 Shields


You had 4 spell levels left.
You didn't know any spells.
Your spell library was empty.

Dungeon Overview and Level Annotations

Branches:
Dungeon (4/15)
 Temple: D:4-7

Altars:
Vehumet

Annotations:
D:4 Blork the orc


Innate Abilities, Weirdness & Mutations

You have sharp fingernails.
You have large cloven feet.
Spells you cast may paralyse adjacent enemies.


Message History

You slash Blork the orc! You freeze Blork the orc.
Your kick misses Blork the orc.
Blork the orc is moderately wounded.
Blork the orc hits you with a +0 battleaxe of venom.
Blork the orc hits you with a +0 battleaxe of venom!
You are poisoned.
You hit Blork the orc. You freeze Blork the orc.
You kick Blork the orc, but do no damage.
Blork the orc is moderately wounded.
You feel very sick. Blork the orc barely misses you. x2
As you read the scroll of identify, it crumbles to dust.
k - a potion of brilliance You feel sick.
Blork the orc gestures at you while chanting.
The puff of flame hits you.
* * * LOW HITPOINT WARNING * * *
Blork the orc closely misses you.
You feel better. Blork the orc closely misses you.
You slash Blork the orc! You freeze Blork the orc. You kick Blork the orc.
Blork the orc is almost dead.
Blork the orc looks braver for a moment.
Blork the orc hits you with a +0 battleaxe of venom!
* * * LOW HITPOINT WARNING * * *
You are poisoned.
Blork the orc misses you.
You feel better. Blork the orc misses you.
You barely miss Blork the orc. Your kick misses Blork the orc.
Blork the orc is almost dead.
Blork the orc hits you with a +0 battleaxe of venom!
* * * LOW HITPOINT WARNING * * *
You are lethally poisoned!
Blork the orc barely misses you.
You hit Blork the orc but do no damage. Your kick misses Blork the orc.
Blork the orc is almost dead.
* * * LOW HITPOINT WARNING * * *
You feel very sick. Blork the orc closely misses you.
You block Blork the orc's attack.
You feel very mighty all of a sudden.
You die...

....... ..[..
+.........#.#....
#.............#.
#.........#....
#.........#...# #
.!........#.#.#.#
#.......o.....#
#.....@...# ##.....?...+
#..........# #...####+#.#
####...####. .# #.
#######........... . <
......'...........####.
......#................
......#...............###


You could see Blork the orc (fast).

Vanquished Creatures
  An orc priest (D:3)
  A sleepcap (D:4)
  An orc wizard (D:3)
  2 adders
  A dart slug (D:2)
  5 orcs (D:3)
  5 endoplasms
  3 giant cockroaches
  6 goblins
  8 hobgoblins
  4 jackals (D:4)
  A quokka (D:3)
  9 ball pythons
  3 bats
  5 frilled lizards
  4 kobolds
  7 rats
66 creatures vanquished.

Notes
Turn   | Place    | Note
-------+----------+-------------------------------------------
     0 | D:1      | lonewolfV2 the Demonspawn Fighter began the quest for the
                  | Orb.
     0 | D:1      | Reached XP level 1. HP: 18/18 MP: 1/1
   185 | D:1      | Discovered your monstrous ancestry.
   185 | D:1      | Gained mutation: You have sharp fingernails. [demonic
                  | ancestry]
   185 | D:1      | Reached XP level 2. HP: 22/24 MP: 2/2
   938 | D:2      | Gained mutation: You have large cloven feet. [demonic
                  | ancestry]
   938 | D:2      | Reached XP level 3. HP: 29/29 MP: 3/3
  1262 | D:2      | Found a faded altar of an unknown god.
  1863 | D:3      | HP: 1/29 [orc/+0 flail (2)]
  2217 | D:3      | Gained mutation: Spells you cast may paralyse adjacent
                  | enemies. [demonic ancestry]
  2217 | D:3      | Reached XP level 4. HP: 17/36 MP: 4/4
  2312 | D:3      | Found a radiant altar of Vehumet.
  2626 | D:4      | Reached XP level 5. HP: 37/42 MP: 5/5
  2838 | D:4      | Noticed Blork the orc
  2851 | D:4      | HP: 2/42 [poisoned by Blork the orc]
  2852 | D:4      | Succumbed to Blork the orc's poison

Illustrated notes

Levels and vault maps discovered:
D:1:      dpeg_arrival_water_fire, layout_basic, chequers_decorated_corner
D:2:      wander_river, layout_basic, shapermc_ecumenical_altar_ellora,
          st_stairs_1, minmay_misc_feat_doors, dreamdust_mushroom_princess,
          chequers_serial_rivers_room_b
D:3:      minmay_door_path, layout_rooms, nicolae_vehumet_radiance,
          chequers_serial_rivers_micro_c
D:4:      layout_basic, uniq_natasha, uniq_blork_the_orc

Skill      XL: |  1  2  3 |
---------------+----------+-----
Axes           | 2 3 |  3.8
Armour         | 3 |  3.4
Fighting       | |  3.7
Dodging        | |  0.1
Stealth        | |  0.2
Shields        | |  2.9

Action                     |  1- 3 |  4- 6 || total
---------------------------+-------+-------++-------
  Melee: War axe           |   106 |    39 ||   145
         Kick              |    15 |    13 ||    28
    Use: Scroll            |     9 |     3 ||    12
         Potion            |     1 |     3 ||     4
 Armour: Scale mail        |    42 |    10 ||    52
  Dodge: Dodged            |    64 |    41 ||   105
  Block: Buckler           |    23 |     9 ||    32
